 Dungeon Crawl Stone Soup version 0.20-a0-681-gf83e07f (webtiles) character file.

16797 nono the Grappler (level 12, -22/97 HPs)
             Began as a Troll Transmuter on Feb 19, 2017.
             Was the Champion of Cheibriados.
             Annihilated by an ettin
             ... wielding a +0 dire flail
              (29 damage)
             ... on level 11 of the Dungeon.
             The game lasted 00:41:19 (9084 turns).

nono the Grappler (Troll Transmuter)                Turns: 9084, Time: 00:41:20

Health: -22/97     AC:  2    Str: 36    XL:     12   Next: 13%
Magic:  3/15       EV: 32    Int: 28    God:    Cheibriados [******]
Gold:   830        SH:  0    Dex: 30    Spells: 3/17 levels left

rFire    . . .     SeeInvis .     - Unarmed
rCold    . . .     Gourm    +   (armour currently unavailable)
rNeg     . . .     Faith    +   (shield currently unavailable)
rPois    x         Spirit   .   (helmet currently unavailable)
rElec    .         Reflect  .   (cloak currently unavailable)
rCorr    .         Harm     .   (gloves unavailable)
MR       .....                  (boots unavailable)
Stlth    ++........             C - amulet of faith
Regen    0.7/turn               (no ring)
MPRegen  0.2/turn               A - ring of wizardry

@: spider-form, very slow
A: unfitting armour, (claws 0), fast metabolism 3, gourmand, regeneration 1,
(shaggy fur 0), (tough skin 0)
a: End Transformation, Bend Time, Temporal Distortion, Slouch, Step From Time,
Renounce Religion


You were on level 11 of the Dungeon.
You worshipped Cheibriados.
Cheibriados was exalted by your worship.
You were full.
You were a venomous arachnid creature.
You visited 1 branch of the dungeon, and saw 12 of its levels.

You collected 830 gold pieces.

Inventory:

Missiles
 a - 137 arrows
Armour
 b - a +0 robe
 x - a +0 troll leather armour (melded) {Purgy}
Magical Staves
 v - an uncursed staff of air
 Z - an uncursed staff of death
Jewellery
 i - a cursed amulet of inaccuracy {unknown}
 m - an uncursed amulet of magic regeneration
 u - an uncursed ring of ice
 A - a ring of wizardry (left front leg)
 C - an amulet of faith (around neck)
 D - an uncursed ring of teleportation
 G - an uncursed ring of fire
 J - an uncursed amulet of regeneration {unknown}
 M - a cursed amulet of inaccuracy {unknown}
Wands
 y - a wand of confusion (7/48)
 O - a wand of flame (37/48)
 U - a wand of polymorph (13/24)
 Y - a wand of lightning (5/15)
Scrolls
 g - 6 scrolls of teleportation
 h - 5 scrolls of fear {unknown}
 o - 3 scrolls of fog {unknown}
 p - 3 scrolls of enchant armour {unknown}
 s - 2 scrolls of magic mapping {unknown}
 w - a scroll of noise {unknown}
 B - 5 scrolls of remove curse
 E - a scroll of immolation {unknown}
 H - 3 scrolls of amnesia {unknown}
 I - a scroll of summoning
 P - 2 scrolls of enchant weapon {unknown}
Potions
 e - 6 potions of curing
 j - a potion of flight
 k - 2 potions of brilliance {unknown}
 l - a potion of mutation
 n - 2 potions of degeneration {unknown}
 r - a potion of heal wounds
 K - a potion of cancellation
 L - a potion of berserk rage {unknown}
 N - a potion of agility {unknown}
 S - a potion of magic
 T - a potion of ambrosia
 V - a potion of resistance
 X - a potion of lignification {unknown}
Books
 c - a book of Changes

   Spells                             Type                      Level
   a - Beastly Appendage              Transmutation                1
   b - Sticks to Snakes               Transmutation                2
   c - Spider Form                    Transmutation/Poison         3
   d - Ice Form                       Ice/Transmutation            4
   e - Blade Hands                    Transmutation                5
 Q - a book of Air

   Spells                             Type                      Level
   a - Shock                          Conjuration/Air              1
   b - Swiftness                      Charms/Air                   2
   c - Static Discharge               Conjuration/Air              3
   d - Airstrike                      Air                          4
   e - Lightning Bolt                 Conjuration/Air              5
 W - a book of Clouds

   Spells                             Type                      Level
   a - Poisonous Vapours              Poison/Air                   2
   b - Mephitic Cloud                 Conjuration/Poison/Air       3
   c - Conjure Flame                  Conjuration/Fire             3
   d - Freezing Cloud                 Conjuration/Ice/Air          6
   e - Ring of Flames                 Charms/Fire                  7
Comestibles
 d - 9 bread rations
 q - 13 royal jellies
 t - 7 meat rations
 R - 3 fruits


   Skills:
 - Level 0.7 Fighting
 - Level 8.5 Dodging
 - Level 10.0 Unarmed Combat
 - Level 3.0 Spellcasting
 - Level 8.2 Transmutations
 + Level 5.1 Air Magic
 - Level 5.1 Invocations


You had 3 spell levels left.
You knew the following spells:

 Your Spells              Type           Power        Failure   Level  Hunger
a - Beastly Appendage     Tmut           ######       1%          1    None
b - Spider Form           Tmut/Pois      ####......   7%          3    ###....
c - Sticks to Snakes      Tmut           ######..     1%          2    #......
d - Ice Form              Ice/Tmut       ####....     16%         4    ####...
e - Airstrike             Air            ####......   12%         4    ####...


Dungeon Overview and Level Annotations

Branches:
Dungeon (12/15)            Temple (0/1) D:7            Lair (0/6) D:11
    Orc (0/2) D:10

Altars:
Ashenzari
Cheibriados
Hepliaklqana
Okawaru
Sif Muna
Vehumet
Zin
The Shining One
Beogh

Annotations:
D:8 1 runed door, exclusion: door
D:11 exclusion: hydra


Innate Abilities, Weirdness & Mutations

You are too large for most types of armour.
((You have claws for hands.))
Your metabolism is lightning-fast.
You like to eat raw meat.
Your natural rate of healing is unusually fast.
((You are covered in fur. (AC +1)))
((You have very tough skin. (AC +2)))


Message History

Your +0 troll leather armour {Purgy} melds into your body.
You feel much better.
Evoke which item? (* to show all) (? for menu, Esc to quit)
You have no means to grasp a wand firmly enough.
Okay, then.
You hit the ettin.
The ettin is poisoned.
The ettin is lightly wounded.
The ettin completely misses you. The ettin misses you.
You hit the ettin but do no damage.
The ettin looks even sicker.
The ettin is lightly wounded.
The ettin hits you with a dire flail!!!
* * * LOW HITPOINT WARNING * * *
The ettin closely misses you.
Okay, then.
Evoke which item? (* to show all) (? for menu, Esc to quit)
Okay, then.
You hit the ettin but do no damage.
The ettin looks as sick as possible!
The ettin is lightly wounded.
The ettin hits you with a dire flail!!
You die...

. ..######....
...........
..........#
..........#
........#
......#####
#########.........
#.......#.(....§§≈
########..
#sC.....)......§§§
#.........
#_....()#)))...§§§
#.........#
#..((.)(#.().#.§§§
#.........#
###########..#.≈≈§
#.........# #..#
#..#..§§
#.........# #..#
#..#....
#.........#
#..######.......
#.........#
#(.)((.)).......
#.).......#
#..)(.).)..#####


You could see an ettin.

Vanquished Creatures
  Josephine (D:10)
  4 two-headed ogres
  Pikel (D:5)
  An orc knight (D:11)
  6 cyclopes (D:11)
  The ghost of patrickswayze the Ruffian, a novice BaTm of Ru (D:5)
  A troll (D:11)
  2 hornets
  A hippogriff (D:4)
  Sigmund (D:2)
  4 wraiths (D:10)
  A yak (D:11)
  2 hungry ghosts (D:7)
  2 wargs (D:11)
  3 soldier ants
  2 hell hounds (D:11)
  10 orc warriors
  4 ice beasts
  A sky beast (D:5)
  2 slaves (D:5)
  6 ogres
  2 black bears
  Purgy (D:3)
  3 wolves (D:11)
  3 centaurs
  3 big kobolds
  Blork the orc (D:8)
  10 bullfrogs
  3 scorpions
  8 killer bees (D:9)
  4 wights (D:6)
  10 howler monkeys
  8 crimson imps
  2 centaur zombies
  A quasit (D:10)
  4 hounds
  17 orc wizards
  A bullfrog skeleton (D:10)
  11 orc priests
  A centaur skeleton (D:9)
  2 jellies
  Jessica (D:3)
  Ijyb (D:3)
  3 iguanas
  Natasha (thrice) (D:2)
  12 worker ants
  2 hound skeletons
  2 hound zombies
  A howler monkey zombie (D:7)
  A worker ant zombie (D:10)
  6 gnolls
  11 adders
  2 shadow imps (D:6)
  2 oozes
  3 adder skeletons
  A dart slug (D:2)
  5 leopard geckos
  43 orcs
  5 bats
  3 giant cockroaches
  7 goblins
  7 hobgoblins
  8 jackals (D:4)
  5 quokkas
  8 frilled lizards
  21 kobolds
  A leopard gecko skeleton (D:9)
  2 rats
317 creatures vanquished.

Vanquished Creatures (collateral kills)
  A hydra (D:11)
  A cyclops (D:11)
  An ogre (D:11)
3 creatures vanquished.

Vanquished Creatures (others)
  2 plants (D:11)
2 creatures vanquished.

Grand Total: 322 creatures vanquished

Notes
Turn   | Place    | Note
-------+----------+-------------------------------------------
     0 | D:1      | nono the Troll Transmuter began the quest for the Orb.
     0 | D:1      | Reached XP level 1. HP: 18/18 MP: 1/1
   132 | D:1      | Reached XP level 2. HP: 25/26 MP: 2/2
   795 | D:2      | Reached XP level 3. HP: 32/32 MP: 3/3
   808 | D:2      | Found a glowing golden altar of the Shining One.
   810 | D:2      | Found a shattered altar of Ashenzari.
   929 | D:2      | Found an iron altar of Okawaru.
  1133 | D:2      | Noticed Sigmund
  1141 | D:2      | Reached skill level 4 in Unarmed Combat
  1271 | D:2      | Killed Sigmund
  1271 | D:2      | Reached skill level 5 in Unarmed Combat
  1271 | D:2      | Reached XP level 4. HP: 11/40 MP: 4/4
  1271 | D:2      | Reached XP level 5. HP: 12/46 MP: 5/5
  1336 | D:2      | Noticed Natasha
  1338 | D:2      | Killed Natasha
  1382 | D:2      | Found a deep blue altar of Sif Muna.
  1554 | D:2      | Noticed Natasha
  1563 | D:2      | Killed Natasha
  1563 | D:2      | Reached XP level 6. HP: 45/54 MP: 6/6
  1650 | D:3      | Noticed Ijyb
  1661 | D:3      | Killed Ijyb
  1728 | D:3      | Noticed Purgy
  1755 | D:3      | Killed Purgy
  1782 | D:3      | Noticed Jessica
  1789 | D:3      | Killed Jessica
  1902 | D:3      | Found a snail-covered altar of Cheibriados.
  1924 | D:3      | Became a worshipper of Cheibriados the Contemplative
  2192 | D:2      | Noticed Natasha
  2196 | D:2      | Killed Natasha
  2259 | D:2      | Reached skill level 6 in Unarmed Combat
  2326 | D:4      | Found a hazy altar of Hepliaklqana.
  2432 | D:4      | Reached XP level 7. HP: 60/61 MP: 7/7
  2437 | D:4      | Learned a level 3 spell: Spider Form
  2454 | D:4      | Noticed a hippogriff
  2466 | D:4      | Killed a hippogriff
  2466 | D:4      | Reached * piety under Cheibriados
  2529 | D:4      | Reached skill level 5 in Dodging
  2938 | D:4      | Found a shattered altar of Ashenzari.
  2945 | D:4      | Reached skill level 7 in Unarmed Combat
  3275 | D:4      | Reached XP level 8. HP: 65/68 MP: 8/8
  3312 | D:5      | Entered Level 5 of the Dungeon
  3391 | D:5      | Reached ** piety under Cheibriados
  3470 | D:5      | Noticed patrickswayze's ghost (novice BaTm)
  3481 | D:5      | Killed patrickswayze's ghost
  3806 | D:5      | Noticed Pikel
  3824 | D:5      | Killed Pikel
  3824 | D:5      | Reached skill level 8 in Unarmed Combat
  3824 | D:5      | Reached XP level 9. HP: 75/75 MP: 9/9
  4250 | D:6      | Reached *** piety under Cheibriados
  4327 | D:6      | Reached skill level 9 in Unarmed Combat
  4817 | D:6      | Reached **** piety under Cheibriados
  4914 | D:6      | Reached skill level 10 in Unarmed Combat
  4959 | D:6      | Reached skill level 1 in Invocations
  5342 | D:7      | Found a radiant altar of Vehumet.
  5388 | D:7      | Found a staircase to the Ecumenical Temple.
  5418 | D:7      | Reached skill level 5 in Invocations
  5418 | D:7      | Reached XP level 10. HP: 83/83 MP: 12/12
  5437 | D:7      | Found a glowing silver altar of Zin.
  5526 | D:7      | Reached ***** piety under Cheibriados
  6257 | D:8      | Noticed Blork the orc
  6279 | D:8      | Killed Blork the orc
  6378 | D:8      | Found a runed door.
  6378 | D:8      | Noticed a cyclops
  6380 | D:8      | Noticed a deep elf knight
  6390 | D:8      | Noticed a fire crab
  6618 | D:8      | Noticed a fire crab
  6618 | D:8      | Noticed a harpy
  6618 | D:8      | Noticed a shining eye
  6733 | D:9      | Learned a level 2 spell: Sticks to Snakes
  6908 | D:9      | Noticed a two-headed ogre
  6928 | D:9      | Killed a two-headed ogre
  6928 | D:9      | Reached skill level 5 in Transmutations
  7075 | D:9      | Reached ****** piety under Cheibriados
  7346 | D:9      | Learned a level 4 spell: Ice Form
  7417 | D:10     | Entered Level 10 of the Dungeon
  7424 | D:10     | Noticed Josephine
  7442 | D:10     | Killed Josephine
  7442 | D:10     | Reached XP level 11. HP: 23/89 MP: 7/13
  7564 | D:10     | Noticed a two-headed ogre
  7578 | D:10     | Killed a two-headed ogre
  8114 | D:10     | Found a staircase to the Orcish Mines.
  8125 | D:10     | Found a roughly hewn altar of Beogh.
  8168 | D:10     | Noticed a two-headed ogre
  8189 | D:10     | Killed a two-headed ogre
  8406 | D:11     | Noticed a six-headed hydra
  8625 | D:11     | Learned a level 4 spell: Airstrike
  8685 | D:11     | Reached skill level 1 in Air Magic
  8723 | D:11     | Noticed an ettin
  8725 | D:11     | Noticed an orc knight
  8919 | D:11     | Noticed a two-headed ogre
  8927 | D:11     | Killed a two-headed ogre
  8932 | D:11     | Found a staircase to the Lair.
  8964 | D:11     | Found a roughly hewn altar of Beogh.
  9027 | D:11     | Reached XP level 12. HP: 78/97 MP: 8/15
  9064 | D:11     | Reached skill level 5 in Air Magic
  9065 | D:11     | Killed a six-headed hydra
  9084 | D:11     | Annihilated by an ettin

Vault maps used:
D:1:      dpeg_arrival_radiant
D:2:      kennysheep_big_flooded_room, nicolae_overflow_hidden_temple,
          okawaru_ov_weapons_minmay, serial_forest, infiniplex_forest_end_3,
          infiniplex_forest_fountain, infiniplex_forest_fountain,
          infiniplex_forest_straight_1, infiniplex_forest_clump_diagonal,
          infiniplex_forest_clump_small, infiniplex_forest_clump_small,
          uniq_crazy_yiuf_cottage, uniq_natasha, uniq_sigmund
D:3:      lemuel_crystal_altar, uniq_jessica, uniq_purgy, uniq_iyjb
D:4:      lemuel_round_altar, first_bread, minivault_19, evilmike_ruin_ashenzari
D:5:      lemuel_old_faithful, uniq_pikel, uniq_blork_the_orc
D:6:      minmay_flawed_box
D:7:      lemuel_crystal_altar, lemuel_coloured_pillars_altar, temple_statues,
          serial_park, serial_park_square3, serial_park_tiny_1,
          serial_park_square1
D:8:      minmay_gate_of_8
D:9:      grunt_decor_clamped, hangedman_pestilent_swarm
D:10:     minmay_orc_entry_temple_small, uniq_josephine
D:11:     giant_chief_lemuel, minmay_lair_entry_lava, trove_entry_hex_spiral,
          special_room
D:12:     spider_trap, minmay_checkerbox

Skill      XL: |  1  2  3  4  5  6  7  8  9 10 11 12 |
---------------+-------------------------------------+-----
Dodging        | 2 3 4 5 7 8 |  8.5
Unarmed Combat | 5 6 7 8 10 | 10.0
Invocations    | 5 |  5.1
Transmutations | 6 8 |  8.2
Spellcasting   | 3 |  3.0
Air Magic      | 4 5 |  5.1
Fighting       | |  0.7

Action                   |  1- 3 |  4- 6 |  7- 9 | 10-12 || total
-------------------------+-------+-------+-------+-------++-------
Melee: Unarmed           |    88 |    92 |   321 |   416 ||   917
       Punch             |     2 |       |    14 |    10 ||    26
       Kick              |       |       |    16 |    20 ||    36
       Headbutt          |       |       |    11 |    18 ||    29
 Cast: Beastly Appendage |       |       |    13 |    16 ||    29
       Sticks to Snakes  |       |       |       |     5 ||     5
       Spider Form       |       |       |       |    10 ||    10
       Ice Form          |       |       |       |     6 ||     6
       Airstrike         |       |       |       |     4 ||     4
Invok: Bend Time         |       |       |     1 |     1 ||     2
       Slouch            |       |       |       |     4 ||     4
       Temporal Distorti |       |       |       |     1 ||     1
 Abil: End Transformatio |       |       |       |     4 ||     4
Evoke: Wand              |       |       |     2 |     6 ||     8
  Use: Potion            |     2 |       |       |     2 ||     4
       Scroll            |       |     7 |     3 |     9 ||    19
 Stab: Sleeping          |       |       |     2 |     3 ||     5
  Eat: Chunk             |    16 |    13 |    18 |    30 ||    77
Armor: Robe              |    45 |    19 |       |       ||    64
       Troll leather arm |       |     7 |    60 |    46 ||   113
       Skin              |       |       |       |     8 ||     8
Dodge: Dodged            |    32 |    54 |   192 |   378 ||   656
